 Dungeon Crawl Stone Soup version 0.21-a0-426-g98080a9 (webtiles) character file.

3404 kae the Martial Artist (level 9, 0/78 HPs)
             Began as a Purple Draconian Transmuter on Nov 7, 2017.
             Was a Follower of Wu Jian.
             Succumbed to a killer bee's poison
             ... on level 8 of the Dungeon.
             The game lasted 00:12:36 (13504 turns).

kae the Martial Artist (DrTm)                      Turns: 13504, Time: 00:12:37

Health: 0/78       AC:  9    Str: 12    XL:     9   Next: 75%
Magic:  19/19      EV: 12    Int: 14    God:    Wu Jian [*.....]
Gold:   443        SH:  0    Dex: 15    Spells: 16/22 levels left

rFire    + . .     SeeInvis .     - Unarmed
rCold    . . .     Gourm    .   (no shield)
rNeg     . . .     Faith    .   (armour unavailable)
rPois    .         Spirit   .   y - +0 hat
rElec    .         Reflect  .   t - +1 cloak
rCorr    .         Harm     .   (no gloves)
MR       +....                  (no boots)
Stlth    +.........             (no amulet)
HPRegen  0.23/turn              m - ring of protection from fire
MPRegen  0.16/turn              (no ring)

@: lethally poisoned (0 -> -14)
A: breathe power, unfitting armour, cold-blooded, AC +7
a: Breathe Dispelling Energy, Renounce Religion


You were on level 8 of the Dungeon.
You worshipped Wu Jian.
Wu Jian was aware of your devotion.
You were not hungry.

You visited 2 branches of the dungeon, and saw 9 of its levels.

You collected 443 gold pieces.

Inventory:

Hand Weapons
 o - a +1 mace
Missiles
 a - 36 arrows
 i - a throwing net (quivered)
Armour
 t - a +1 cloak (worn)
 y - a +0 hat (worn)
Jewellery
 m - a ring of protection from fire (left hand)
 x - an uncursed amulet of guardian spirit
Wands
 j - a wand of scattershot (9/9)
 k - a wand of disintegration (15/24)
Scrolls
 d - a scroll of fog
 e - 2 scrolls of magic mapping
 h - a scroll of enchant armour
 l - 2 scrolls of noise
 q - 4 scrolls of remove curse
 v - 2 scrolls of identify
Potions
 f - a potion of brilliance
 g - a potion of invisibility
 n - a potion of degeneration
 p - 2 potions of agility
 r - a potion of flight
 w - a potion of resistance
 z - 2 potions of mutation
Books
 b - a book of Changes

   Spells                             Type                      Level
   a - Beastly Appendage              Transmutation                1
   b - Sticks to Snakes               Transmutation                2
   c - Spider Form                    Transmutation/Poison         3
   d - Ice Form                       Ice/Transmutation            4
   e - Blade Hands                    Transmutation                5
Comestibles
 c - 2 meat rations
 s - 7 bread rations
 u - 2 royal jellies


   Skills:
 + Level 6.8 Fighting
 - Level 1.7 Dodging
 * Level 9.4 Unarmed Combat
 + Level 7.2 Spellcasting
 + Level 6.4 Transmutations


You had 16 spell levels left.
You knew the following spells:

 Your Spells              Type           Power        Failure   Level  Hunger
a - Beastly Appendage     Tmut           ###...       1%          1    None
b - Sticks to Snakes      Tmut           ###.....     1%          2    None
c - Spider Form           Tmut/Pois      ##........   11%         3    ##.....


Dungeon Overview and Level Annotations

Branches:
Dungeon (8/15)             Temple (1/1) D:6
   Lair: D:8-11

Altars:
Ashenzari
Cheibriados
Dithmenos
Elyvilon
Fedhas
Gozag
Hepliaklqana
Kikubaaqudgha
Makhleb
Nemelex Xobeh
Okawaru
Qazlal
Ru
Sif Muna
Trog
Uskayaw
Vehumet
Wu Jian
Xom
Yredelemnul
Zin
The Shining One

Annotations:
D:3 kae's ghost, amateur DrTm


Innate Abilities, Weirdness & Mutations

You can breathe bolts of dispelling energy.
Your rich purple scales are hard. (AC +7)
You cannot fit into any form of body armour.
You are cold-blooded and may be slowed by cold attacks.


Message History

Okay, then.
* * * LOW HITPOINT WARNING * * *
You feel very sick.
* * * LOW HITPOINT WARNING * * *
You feel very sick.
* * * LOW HITPOINT WARNING * * *
You feel sick.
Your transformation has ended.
Your +1 cloak unmelds from your body.
Your +0 hat unmelds from your body.
* * * LOW HITPOINT WARNING * * *
You feel sick.
* * * LOW HITPOINT WARNING * * *
You feel sick.
* * * LOW HITPOINT WARNING * * *
You feel sick.
* * * LOW HITPOINT WARNING * * *
You feel sick.
* * * LOW HITPOINT WARNING * * *
You feel sick.
You die...

######### #........
#####.#.....#
#...†.K.....#
######K###K......#
#.K....###........
#.#######.....####
#.# ##..y##
####@#### #........
#.......# ##.######
#.##.##.# #.#
#.##.##.# #'#
#.##.##<# ...
###.#..##.# ....
#.........# .....
#.#.#...#.##......
............)+......


You could see a kobold.

Vanquished Creatures
  6 yaks (D:7)
  Menkaure (D:5)
  Duvessa (D:4)
  An ice beast (D:7)
  3 ogres
  2 phantoms (D:5)
  A centaur (D:8)
  Blork the orc (D:4)
  3 bullfrogs
  Dowan (D:4)
  3 scorpions
  4 jellies
  5 killer bees (D:8)
  2 vampire bats (D:7)
  2 crimson imps
  3 howler monkeys
  A centaur zombie (D:6)
  A bullfrog zombie (D:7)
  Crazy Yiuf (D:2)
  A bullfrog skeleton (D:6)
  A hound (D:6)
  3 orc wizards
  4 worker ants
  2 hound zombies
  A hound skeleton (D:7)
  Robin (D:3)
  8 gnolls
  A howler monkey zombie (D:5)
  A howler monkey skeleton (D:3)
  9 adders
  2 shadow imps
  3 oozes
  3 worms
  5 leopard geckos
  13 orcs
  5 bats
  4 bat skeletons (D:7)
  2 bat zombies (D:7)
  6 giant cockroaches
  16 goblins
  12 hobgoblins
  7 jackals
  3 quokkas
  9 frilled lizards
  7 kobolds
  A leopard gecko skeleton (D:5)
  6 rats
178 creatures vanquished.

Notes
Turn   | Place    | Note
-------+----------+-------------------------------------------
     0 | D:1      | kae the Draconian Transmuter began the quest for the Orb.
     0 | D:1      | Reached XP level 1. HP: 16/16 MP: 3/3
   217 | D:1      | Reached XP level 2. HP: 18/23 MP: 5/5
   245 | D:1      | Learned a level 2 spell: Sticks to Snakes
   819 | D:1      | Reached XP level 3. HP: 29/29 MP: 6/6
  1323 | D:2      | Learned a level 3 spell: Spider Form
  1463 | D:2      | Found an opulent altar of Gozag.
  1772 | D:2      | Found a runed door.
  2020 | D:2      | Reached XP level 4. HP: 27/36 MP: 7/7
  2341 | D:2      | Noticed Crazy Yiuf
  2346 | D:2      | Killed Crazy Yiuf
  2346 | D:2      | Reached skill level 4 in Unarmed Combat
  3009 | D:3      | Noticed kae's ghost (amateur DrTm)
  3038 | D:2      | Reached XP level 5. HP: 28/42 MP: 9/9
  4118 | D:3      | Noticed Robin
  4791 | D:3      | Killed Robin
  5522 | D:3      | Reached XP level 6. HP: 27/51 MP: 3/10
  6071 | D:4      | Noticed Duvessa
  6073 | D:4      | Noticed Dowan
  6083 | D:4      | Killed Duvessa
  6083 | D:4      | Reached skill level 5 in Unarmed Combat
  6372 | D:4      | Killed Dowan
  7117 | D:4      | Noticed Blork the orc
  7134 | D:4      | Killed Blork the orc
  7134 | D:4      | Your scales start taking on a rich purple colour.
  7134 | D:4      | Reached XP level 7. HP: 50/58 MP: 9/13
  7775 | D:4      | Reached skill level 6 in Unarmed Combat
  8466 | D:5      | Entered Level 5 of the Dungeon
  9272 | D:5      | Reached skill level 5 in Spellcasting
  9327 | D:5      | Reached XP level 8. HP: 47/67 MP: 12/15
 10123 | D:5      | Noticed Menkaure
 10138 | D:5      | Killed Menkaure
 10138 | D:5      | Reached skill level 7 in Unarmed Combat
 10484 | D:5      | Found a glowing silver altar of Zin.
 10484 | D:5      | Found a hazy altar of Hepliaklqana.
 10600 | D:6      | Reached skill level 5 in Fighting
 10669 | D:6      | Reached skill level 5 in Transmutations
 10783 | D:6      | Found a staircase to the Ecumenical Temple.
 10836 | Temple   | Entered the Ecumenical Temple
 11020 | Temple   | Became a worshipper of the Wu Jian Council
 11239 | D:6      | Found a radiant altar of Vehumet.
 11673 | D:7      | Reached skill level 8 in Unarmed Combat
 11937 | D:7      | Reached XP level 9. HP: 73/75 MP: 18/18
 11978 | D:7      | Found a shattered altar of Ashenzari.
 12722 | D:7      | Reached skill level 9 in Unarmed Combat
 12772 | D:7      | Found an ancient bone altar of Kikubaaqudgha.
 12785 | D:7      | Reached * piety under Wu Jian
 13502 | D:8      | HP: 3/78 [poisoned by a killer bee]
 13503 | D:8      | HP: 1/78 [poisoned by a killer bee]
 13504 | D:8      | Succumbed to a killer bee's poison

Vault maps used:
D:1:      dpeg_chamrin_arrival_tetris
D:2:      grunt_gozag_breadcrumbs, uniq_crazy_yiuf_cottage
D:3:      first_bread, uniq_robin
D:4:      uniq_blork_the_orc, uniq_duvessa
D:5:      gammafunk_temple_overflow_statue, uniq_menkaure
D:6:      vehumet_crystals, temple_doors_e
D:7:      kennysheep_vampire_church, evilmike_ruin_ashenzari
Temple:   eino_narrow_crystal_temple

Skill      XL: |  1  2  3  4  5  6  7  8  9 |
---------------+----------------------------+-----
Fighting       | 2 3 4 5 6 |  6.8
Unarmed Combat | 4 5 6 8 9 |  9.4
Transmutations | 3 4 5 6 |  6.4
Spellcasting   | 3 4 5 6 7 |  7.2
Dodging        | |  1.7

Action                   |  1- 3 |  4- 6 |  7- 9 || total
-------------------------+-------+-------+-------++-------
Melee: Unarmed           |   113 |    38 |   325 ||   476
       Tailslap          |    13 |    28 |    50 ||    91
       Kick              |     3 |     9 |    10 ||    22
       Mace              |    26 |   245 |   141 ||   412
       Headbutt          |       |     4 |     7 ||    11
       Punch             |       |     1 |     9 ||    10
 Cast: Beastly Appendage |     4 |    15 |    14 ||    33
       Spider Form       |       |     8 |     7 ||    15
       Sticks to Snakes  |       |       |     8 ||     8
 Abil: Breathe Dispellin |       |       |     6 ||     6
  Use: Potion            |       |     2 |     8 ||    10
       Scroll            |       |       |    18 ||    18
 Stab: Sleeping          |       |       |     1 ||     1
  Eat: Chunk             |     3 |    13 |    15 ||    31
       Bread ration      |       |     1 |       ||     1
       Fruit             |       |     1 |     4 ||     5
       Royal jelly       |       |       |     2 ||     2
Armor: Skin              |    36 |   161 |   139 ||   336
Dodge: Dodged            |    65 |   322 |   308 ||   695

Table legend:
 A = Spawn XP
 B = Non-spawn XP
 C = Spawn XP percentage of total XP
 D = Spawn monster count
 E = Non-spawn monster count
 F = Spawn count percentage of total count
 G = Total turns spent on level
                    A         B        C        D         E        F      G
               +---------+---------+-------+---------+---------+-------+---------
         Total |       0 |    4863 |   0.0 |       0 |     178 |   0.0 | 13504
               +---------+---------+-------+---------+---------+-------+---------
           D:1 |       0 |      43 |   0.0 |       0 |      23 |   0.0 |  1154
           D:2 |       0 |     208 |   0.0 |       0 |      36 |   0.0 |  3451
           D:3 |       0 |     151 |   0.0 |       0 |      28 |   0.0 |  1747
           D:4 |       0 |     650 |   0.0 |       0 |      22 |   0.0 |  2503
           D:5 |       0 |     759 |   0.0 |       0 |      17 |   0.0 |  1683
           D:6 |       0 |     818 |   0.0 |       0 |      19 |   0.0 |   920
           D:7 |       0 |    1808 |   0.0 |       0 |      27 |   0.0 |  1683
           D:8 |       0 |     426 |   0.0 |       0 |       6 |   0.0 |   163
               +---------+---------+-------+---------+---------+-------+---------
